 Dungeon Crawl Stone Soup version 0.31-a0-986-g5e6e4ef867 (webtiles) character file.

Game seed: 14779547938715963509

307 Sanktem7 the Chopper (level 6, -13/55 HPs)
             Began as a Minotaur Fighter on Nov 10, 2023.
             Killed from afar by Dowan (26 damage)
             ... with a shard of ice
             ... on level 4 of the Dungeon.
             The game lasted 00:01:58 (2296 turns).

Sanktem7 the Chopper (Minotaur Fighter)             Turns: 2296, Time: 00:01:58

Health: -13/55     AC:  7    Str: 23    XL:     6   Next: 16%
Magic:  5/5        EV:  9    Int:  5    God:
Gold:   179        SH:  4    Dex:  9    Spells: 5/5 levels left

rFire   . . .        a - +0 war axe {axe}
rCold   . . .        c - +0 buckler
rNeg    . . .        b - +0 scale mail
rPois   .            (helmet restricted)
rElec   .            (no cloak)
rCorr   .            (no gloves)
SInv    .            (no boots)
Will    .....        (no amulet) Stlth
                     (no ring)
HPRegen 0.29/turn    (no ring)
MPRegen 0.09/turn

%: no passive effects
@: no status effects
A: horns 2, retaliatory headbutt
a: no special abilities


You were on level 4 of the Dungeon.
You visited 1 branch of the dungeon, and saw 4 of its levels.

You collected 179 gold pieces.


Innate Abilities, Weirdness & Mutations

You have a pair of horns on your head.
You reflexively headbutt those who attack you in melee.


   Skills:
 + Level 4.9 Fighting
 * Level 5.3 Axes
 + Level 4.9 Armour
 + Level 4.9 Shields


You had 5 spell levels left.
You didn't know any spells.
Your spell library contained the following spells:

 Spells                   Type           Power      Damage    Failure   Level
 Static Discharge         Conj/Air       0%         3-3/arc   93%         2
 Airstrike                Air            0%         2d(0-16)  100%        4
 Summon Lightning Spire   Summ/Air       0%         N/A       100%        4

Inventory:

Hand Weapons
 a - a +0 war axe (weapon) {axe}
 k - a +1 whip of electrocution {mace}
   (You took it off a kobold on level 3 of the Dungeon)
Missiles
 e - 34 stones {throwing}
Armour
 b - a +0 scale mail (worn)
 c - a +0 buckler (worn)
Magical Staves
 f - a staff of conjuration {!a@e2staff}
   (You found it on level 1 of the Dungeon)
 j - a staff of earth {!astaff}
   (You found it on level 2 of the Dungeon)
Scrolls
 i - a scroll of blinking {unknown}
 l - 4 scrolls of silence {unknown}
 m - a scroll of immolation {unknown}
 n - a scroll of vulnerability {unknown}
 o - 3 scrolls of enchant armour {unknown}
Potions
 d - a potion of might
 g - a potion of magic {unknown}
 h - 2 potions of brilliance {unknown}
 p - a potion of invisibility {unknown}
 q - a potion of curing {unknown}

Dungeon Overview and Level Annotations

Branches:
Dungeon (4/15) Zot: 21655
 Temple: D:4-7

Altars:

Annotations:
D:4 Dowan

########## #........# #
##........###
###########..........##
....................)..
##.##..)..##.#####....##
#.....e@..##.# #.##.##
##.#......##.#####.##.##
........................
##.#..######.#####.##.##
# #..######.#####.####
#...............#
.....####.####### ###
...........# #..
.#......# #.#


You could see Dowan (fast).


Message History

No target in view!
You now have 179 gold pieces (gained 2).
Key pressed, stopping explore.
Found a stone staircase leading up.
An adder comes into view.
The adder hisses angrily.
The adder moves out of view.
A hobgoblin comes into view.
There are monsters nearby!
The hobgoblin shouts!
The adder barely misses you.
You barely miss the adder. You headbutt the adder!
The adder closely misses you. x2
You miss the adder. Your headbutt misses the adder.
The adder closely misses you.
You slash the adder!
You kill the adder!
You hit the hobgoblin.
The hobgoblin hits you but does no damage.
You closely miss the hobgoblin. You headbutt the hobgoblin.
You kill the hobgoblin!
No target in view!
No target in view!
No target in view!
No target in view!
A goblin comes into view. It is wielding a +0 dagger.
The goblin shouts!
A goblin is nearby!
The goblin hits you but does no damage.
You barely miss the goblin.
The goblin hits you but does no damage. x2
You miss the goblin. The goblin hits you but does no damage.
You slash the goblin!
You kill the goblin!
No target in view!
No target in view!
No target in view!
No target in view!
Things that are here:
a +0 dagger {short}; a goblin corpse Key pressed, stopping explore.
Dowan, Brother of Duvessa comes into view.
He is wielding a +0 dagger.
Dowan shouts!
You hear a shout!
Duvessa, Sister of Dowan comes into view.
She is wielding a +0 short sword.
Duvessa shouts!
Dowan gestures at you while chanting. You resist with some effort.
You miss Dowan.
Dowan mumbles some strange words.
Dowan blinks!
Duvessa hits you with a +0 short sword. 😕 HP[-1]
You take 1 damage, and now have 46/47 hp.
You hit Duvessa but do no damage.
Duvessa hits you with a +0 short sword. 😕 HP[-6]
You take 6 damage, and now have 40/47 hp.
You closely miss Duvessa.
Duvessa hits you with a +0 short sword. 😕 HP[-1]
You take 1 damage, and now have 39/47 hp.
You slash Duvessa! Your headbutt misses Duvessa. You barely miss Duvessa.
You headbutt Duvessa.
Dowan points at you and mumbles some strange words.
The puff of flame hits you.
Duvessa says, "Where magic fails, the sword succeeds!"
Duvessa hits you with a +0 short sword!
Duvessa hits you but does no damage. 😮 HP[-12]
You take 12 damage, and now have 27/47 hp.
MASSIVE DAMAGE!! (PAUSE)
You slash Duvessa! You headbutt Duvessa.
You kill Duvessa!
Dowan seems overcome with grief.
Dowan seems to find hidden reserves of power!
You closely miss Dowan. Dowan barely misses you.
Dowan hits you with a +0 dagger.
* * * LOW HITPOINT WARNING * * *
Your Axes skill increases to level 5!
You have reached level 6! 😨 MP[+1]
You now have 55 max hp (+8).
Your mp is fully restored (5).
You closely miss Dowan. Dowan hits you with a +0 dagger.
* * * LOW HITPOINT WARNING * * *
You block Dowan's attack. 😨 HP[-4]
You take 4 damage, and now have 23/55 hp.
You barely miss Dowan. Dowan closely misses you.
Dowan hits you with a +0 dagger.
* * * LOW HITPOINT WARNING * * *
😨 HP[-4]
You take 4 damage, and now have 19/55 hp.
You hit Dowan. Your headbutt misses Dowan. Dowan hits you but does no damage.
Dowan hits you with a +0 dagger.
* * * LOW HITPOINT WARNING * * *
😨 HP[-3]
You take 3 damage, and now have 16/55 hp.
You slash Dowan! Dowan closely misses you. Dowan hits you with a +0 dagger.
* * * LOW HITPOINT WARNING * * *
😱 HP[-3]
You take 3 damage, and now have 13/55 hp.
You barely miss Dowan. Dowan hits you but does no damage.
Dowan points at you and mumbles some strange words.
The shard of ice hits you!!
You die...

Skill      XL: |  1  2  3  4  5 |
---------------+----------------+-----
Axes           | 3 4 5 |  5.3
Fighting       | 4 |  4.9
Shields        | 4 |  4.9
Armour         | 4 |  4.9

Action                     |  1- 3 |  4- 6 || total
---------------------------+-------+-------++-------
  Melee: War axe           |    84 |    55 ||   139
         Headbutt          |    13 |    10 ||    23
 Armour: Scale mail        |    62 |    40 ||   102
  Dodge: Dodged            |    35 |    20 ||    55
  Block: Buckler           |    16 |     6 ||    22

Levels and vault maps discovered:
D:1:      grunt_arrival_crossed_arrows, layout_loops_ring, grunt_decor_junction
D:2:      layout_rooms, ebering_ecumenical_altar_petrified
D:3:      layout_loops_corners, hex_large
D:4:      layout_basic, uniq_duvessa

Notes
Turn   | Place    | Note
-------+----------+-------------------------------------------
     0 | D:1      | Sanktem7 the Minotaur Fighter began the quest for the Orb.
     0 | D:1      | Reached XP level 1. HP: 19/19 MP: 0/0
     0 | D:1      | magus.rc [v1.9.6]
   124 | D:1      | Reached XP level 2. HP: 27/27 MP: 1/1
   250 | D:1      | Reached skill level 3 in Axes
   852 | D:2      | Reached skill level 4 in Fighting
   852 | D:2      | Reached skill level 4 in Shields
   852 | D:2      | Reached XP level 3. HP: 33/33 MP: 2/2
   855 | D:2      | Reached skill level 4 in Armour
   978 | D:2      | Found a faded altar of an unknown god.
  1357 | D:3      | Reached XP level 4. HP: 40/40 MP: 3/3
  1729 | D:3      | Noticed a scorpion
  1734 | D:3      | Killed a scorpion
  1735 | D:3      | Reached skill level 4 in Axes
  1735 | D:3      | Reached XP level 5. HP: 46/47 MP: 4/4
  1837 | D:3      | You pick up a book of Storms and begin reading...
  1837 | D:3      | You add the spells Static Discharge, Airstrike and Summon
                  | Lightning Spire to your library.
  2282 | D:4      | Noticed Dowan
  2283 | D:4      | Noticed Duvessa
  2291 | D:4      | Killed Duvessa
  2292 | D:4      | Reached skill level 5 in Axes
  2292 | D:4      | Reached XP level 6. HP: 27/55 MP: 5/5
  2295 | D:4      | HP: 13/55 [Dowan/+0 dagger (3)]
  2296 | D:4      | Killed from afar by Dowan

Vanquished Creatures
  Duvessa (D:4)
  A scorpion (D:3)
  A jelly (D:4)
  A hound (D:4)
  3 adders
  3 worms
  2 dart slugs
  An orc (D:3)
  6 bats
  2 endoplasms
  3 giant cockroaches
  4 goblins
  6 hobgoblins
  4 jackals (D:1)
  6 kobolds
  3 quokkas
  5 ball pythons
  2 frilled lizards
  4 rats
58 creatures vanquished.

Table legend:
 A = Non-vault XP
 B = Vault XP
 C = Vault XP percentage of total XP
 D = Non-vault monster count
 E = Vault monster count
 F = Vault count percentage of total count
                 A         B        C        D         E       F
            +---------+---------+-------+---------+---------+-------
      Total |     304 |     135 |  30.8 |      57 |       1 |   1.7
            +---------+---------+-------+---------+---------+-------
        D:1 |      29 |       0 |   0.0 |      17 |       0 |   0.0
        D:2 |      55 |       0 |   0.0 |      16 |       0 |   0.0
        D:3 |     116 |       0 |   0.0 |      16 |       0 |   0.0
        D:4 |     104 |     135 |  56.5 |       8 |       1 |  11.1
            +---------+---------+-------+---------+---------+-------

Skill      XL: |  1  2  3  4  5 |
---------------+----------------+-----
Axes           | 3 4 5 |  5.3
Fighting       | 4 |  4.9
Shields        | 4 |  4.9
Armour         | 4 |  4.9

Action                     |  1- 3 |  4- 6 || total
---------------------------+-------+-------++-------
  Melee: War axe           |    84 |    55 ||   139
         Headbutt          |    13 |    10 ||    23
 Armour: Scale mail        |    62 |    40 ||   102
  Dodge: Dodged            |    35 |    20 ||    55
  Block: Buckler           |    16 |     6 ||    22

Illustrated notes

Table legend:
 A = Kills in this place as a percentage of kills in the entire game.
 B = Kills by you in this place as a percentage of kills by you in the entire game.
 C = Kills by friends in this place as a percentage of kills by friends in the entire game.
 D = Other kills in this place as a percentage of other kills in the entire game.
 E = Experience gained in this place as a percentage of experience gained in the entire game.
 F = Experience gained in this place divided by the number of levels of this place that you have seen.
                   A       B       C       D       E      F
               +-------+-------+-------+-------+-------+----------------------
         Total | 100.0 | 100.0 |   N/A |   N/A | 100.0 | 109.8
       Dungeon | 100.0 | 100.0 |   N/A |   N/A | 100.0 | 109.8
               +-------+-------+-------+-------+-------+----------------------

Table legend: (Time is in decaauts)
 A = Elapsed time spent in this place.
 B = Non-inter-level travel time spent in this place.
 C = Inter-level travel time spent in this place.
 D = Time resting spent in this place.
 E = Time spent auto-exploring this place.
 F = Levels seen in this place.
 G = Mean time per level.
                   A        B        C        D        E       F      G
               +--------+--------+--------+--------+--------+-----+--------+
         Total |   2343 |   2236 |    107 |      0 |   1901 |   4 |  585.8 |
       Dungeon |   2343 |   2236 |    107 |      0 |   1901 |   4 |  585.8 |
               +--------+--------+--------+--------+--------+-----+--------+

Top non-repeatable levels by time:
     D:3: 862 daAuts
     D:1: 836 daAuts
     D:2: 370 daAuts
     D:4: 274 daAuts
